AoeStats
← Gjallarhorn

Black Forest

504163098Analyzed
1v1 RM · 27d ago on Sep 4, 2026· 61m 52s· 2 players
Game mode
Random Map
Map size
Tiny (2 player)
Population
200
Speed
Normal
Resources
Standard
Victory
Conquest
Starting age
Dark Age
Ending age
Imperial Age
RankedLock teamsTeams togetherTeam positionsShared explorationLock speedFull tech treeHidden civsTurbo modeCheats
Victory
Defeat
🇨🇳 Saracens · China
754
+15
🇩🇪 Saracens · Germany
732
-15
Gjallarhorn
8:57 Loom
10:46 Feudal Age
15:22 Castle Age
14:09 Double-Bit Axe
14:55 Horse Collar
16:57 Bow Saw
18:09 Town Watch
26:27 Fletching
29:00 Wheelbarrow
29:59 Husbandry
32:01 Hand Cart
33:22 Bodkin Arrow
38:32 Imperial Age
36:21 Bloodlines
36:26 Gold Mining
36:45 Scale Barding Armor
36:51 Forging
37:52 Chain Barding Armor
37:50 Town Patrol
38:33 Bimaristan
39:15 Iron Casting
39:46 Conscription
38:51 Elite Mameluke
40:37 Gold Shaft Mining
41:02 Masonry
43:08 Onager
45:46 Counterweights
47:35 Siege Engineers
58:13 Heavy Plow
59:18 Two-Man Saw
85768110
10:46 Feudal Age
11:39 Double-Bit Axe
11:36 Horse Collar
16:10 Loom
18:26 Wheelbarrow
17:46 Stone Mining
20:54 Castle Age
22:25 Hand Cart
21:56 Town Watch
21:57 Loom
23:14 Fletching
24:42 Bow Saw
25:32 Bodkin Arrow
32:15 Imperial Age
32:29 Scale Barding Armor
32:34 Forging
32:39 Town Patrol
33:23 Elite Mameluke
34:27 Chain Barding Armor
37:22 Chemistry
36:42 Ballistics
36:18 Murder Holes
36:40 Fishing Lines
38:32 Plate Barding Armor
38:33 Iron Casting
37:58 Bracer
38:31 Fervor
38:42 Sanctity
38:37 Bimaristan
38:49 Counterweights
40:20 Masonry
40:15 Siege Engineers
40:21 Fortified Wall
39:53 Treadmill Crane
41:32 Blast Furnace
42:02 Bimaristan
43:20 Gillnets
44:44 Capped Ram
45:35 Scale Mail Armor
45:36 Padded Archer Armor
47:33 Two-Man Saw
50:48 Heavy Plow
52:17 Bloodlines
52:07 Husbandry
51:28 Light Cavalry
53:12 Hussar
Connection lost

Rejoining the realm…

Still unreachable

The connection could not be restored.

Session expired

The server has moved on; the page needs a fresh start.